 Dungeon Crawl Stone Soup version 0.24-a0-335-g06ca16a (webtiles) character file.

Game seed: 3874872070934714506

513 Borgoz the Cudgeler (level 7, -1/42 HPs)
             Began as a Gargoyle Gladiator on May 19, 2019.
             Slain by a slave (3 damage)
             ... led by Pikel
             ... on level 4 of the Dungeon.
             The game lasted 00:05:11 (3617 turns).

Borgoz the Cudgeler (Gargoyle Gladiator)            Turns: 3617, Time: 00:05:12

Health: -1/42      AC: 13    Str: 20    XL:     7   Next: 20%
Magic:  7/7        EV: 12    Int: 12    God:
Gold:   228        SH:  0    Dex: 17    Spells: 6/6 levels left

rFire    . . .     SeeInvis .   p - +2 mace "Xiwuf" {holy, Int+4 Dex+6}
rCold    . . .     Gourm    .   (no shield)
rNeg     + . .     Faith    .   j - +0 scale mail
rPois    ∞         Spirit   .   c - +0 helmet
rElec    +         Reflect  .   (no cloak)
rCorr    .         Harm     .   m - +0 pair of gloves
MR       .....                  (no boots)
Stlth    ..........             (no amulet)
HPRegen  0.14/turn              (no ring)
MPRegen  0.10/turn              (no ring)

@: no status effects
A: negative energy resistance 1, electricity resistance, unbreathing,
petrification resistance, rot immunity, AC +4
a: no special abilities


You were on level 4 of the Dungeon.
You were not hungry.

You visited 1 branch of the dungeon, and saw 4 of its levels.

You collected 228 gold pieces.

Inventory:

Hand Weapons
 p - the +2 mace "Xiwuf" (weapon) {holy, Int+4 Dex+6}
   (You found it on level 2 of the Dungeon)

   It has been blessed by the Shining One to cause great damage to the undead
   and demons.
   It affects your intelligence (+4).
   It affects your dexterity (+6).
Missiles
 d - 2 throwing nets (quivered)
Armour
 c - a +0 helmet (worn)
 j - a +0 scale mail (worn)
 m - a +0 pair of gloves (worn)
Scrolls
 b - a scroll of magic mapping
 e - a scroll of teleportation
 h - 2 scrolls of amnesia {unknown}
 k - a scroll of noise {unknown}
 r - a scroll of enchant weapon {unknown}
Potions
 a - a potion of haste {unknown}
 g - 2 potions of heal wounds
 i - a potion of cancellation {unknown}
 l - a potion of lignification {unknown}
 n - 3 potions of curing
 q - a potion of agility {unknown}
Comestibles
 f - 6 rations


   Skills:
 + Level 3.8 Fighting
 * Level 5.2 Maces & Flails
 - Level 1.7 Throwing
 + Level 2.8 Armour
 * Level 4.3 Dodging


You had 6 spell levels left.
You didn't know any spells.
Your spell library contained the following spells:

 Spells                   Type           Power        Failure   Level  Hunger
 Confusing Touch          Hex            #.....       67%         1    ##.....
 Freeze                   Ice            #...         67%         1    ##.....
 Throw Frost              Conj/Ice       #.....       80%         2    ###....
 Confuse                  Hex            #.......     95%         3    ####...
 Gell's Gravitas          Tloc           #.........   95%         3    ####...
 Ozocubu's Armour         Chrm/Ice       #.......     95%         3    ####...
 Petrify                  Tmut/Erth      #.......     100%        4    #####..
 Summon Ice Beast         Ice/Summ       #.......     100%        4    #####..
 Throw Icicle             Conj/Ice       #.......     100%        4    #####..
 Metabolic Englaciation   Hex/Ice        #.........   100%        5    ######.
 Yara's Violent Unravell  Hex/Tmut       #.........   100%        5    ######.


Dungeon Overview and Level Annotations

Branches:
Dungeon (4/15)
 Temple: D:4-7

Altars:
Dithmenos
Hepliaklqana
Kikubaaqudgha
Nemelex Xobeh
Okawaru
Sif Muna
Vehumet
Xom

Annotations:
D:4 Pikel


Innate Abilities, Weirdness & Mutations

You are resistant to torment.
Your stone body is resilient. (AC +4)
You are immune to poison.
You resist negative energy. (rN+)
You are resistant to electric shocks. (rElec)
You can survive without breathing.
You are immune to petrification.
You are immune to rotting.


Message History

The adder bites you but does no damage.
You sock the slave!
The slave is moderately wounded.
The adder closely misses you. The slave hits you but does no damage.
You hit the slave.
The slave is moderately wounded.
The adder closely misses you. The slave barely misses you.
The adder barely misses you.
You closely miss the slave.
The slave is moderately wounded.
The slave hits you.
* * * LOW HITPOINT WARNING * * *
The adder bites you.
* * * LOW HITPOINT WARNING * * *
The slave hits you.
* * * LOW HITPOINT WARNING * * *
You hit the slave.
The slave is heavily wounded.
The adder closely misses you. The adder barely misses you. The slave hits you.
You die...

#.###....
#................#
#.# #...
#................####
#.# ....
#....(..............#
#. .##.
#...................#
#..............###..#
##.............+_'..#
##..pK..#.....###..#
###S#p#####......##
#@#p# #......#
##.#####p#K# ########
.........#p#
.......#.#.#
...<.###...# ....
##..# ... #.... ..
#..##.. . ..^. ..#


You could see Pikel, 2 slaves and an adder.

Vanquished Creatures
  A slave (D:4)
  An ogre (D:4)
  A scorpion (D:4)
  2 crimson imps (D:2)
  A centaur skeleton (D:4)
  A hound (D:4)
  An iguana (D:4)
  Jessica (D:3)
  A worker ant (D:4)
  8 gnolls (D:2)
  3 adders
  5 worms
  3 dart slugs
  3 leopard geckos
  An orc (D:3)
  6 bats
  A giant cockroach (D:1)
  3 goblins
  6 hobgoblins
  8 frilled lizards
  A jackal skeleton (D:4)
  6 kobolds
  5 rats
69 creatures vanquished.

Notes
Turn   | Place    | Note
-------+----------+-------------------------------------------
     0 | D:1      | Borgoz the Gargoyle Gladiator began the quest for the Orb.
     0 | D:1      | Reached XP level 1. HP: 12/12 MP: 1/1
   333 | D:1      | Reached XP level 2. HP: 15/18 MP: 2/2
  1122 | D:3      | Reached XP level 3. HP: 22/22 MP: 3/3
  1172 | D:2      | Reached skill level 1 in Armour
  1198 | D:2      | Reached XP level 4. HP: 6/27 MP: 4/4
  1577 | D:2      | Found a transporter.
  1579 | D:2      | Found a transporter.
  1580 | D:2      | Found a shimmering altar of Xom.
  1616 | D:2      | Reached skill level 4 in Maces & Flails
  1693 | D:2      | Reached XP level 5. HP: 19/32 MP: 5/5
  2211 | D:2      | Got an ichor-stained mace
  2212 | D:2      | Identified the +2 mace "Xiwuf" {holy, Int+4 Dex+6} (You
                  | found it on level 2 of the Dungeon)
  2478 | D:3      | Noticed Jessica
  2483 | D:3      | Killed Jessica
  2483 | D:3      | Reached XP level 6. HP: 37/37 MP: 6/6
  2631 | D:3      | Found a shadowy altar of Dithmenos.
  2634 | D:3      | Found a deep blue altar of Sif Muna.
  2634 | D:3      | Found an ancient bone altar of Kikubaaqudgha.
  2925 | D:3      | Found a sparkling altar of Nemelex Xobeh.
  3067 | D:4      | HP: 1/37 [iguana (5)]
  3253 | D:4      | Reached skill level 5 in Maces & Flails
  3268 | D:4      | Reached XP level 7. HP: 25/42 MP: 7/7
  3399 | D:4      | Found an iron altar of Okawaru.
  3480 | D:4      | Found a hazy altar of Hepliaklqana.
  3569 | D:4      | Found a radiant altar of Vehumet.
  3585 | D:4      | Noticed Pikel
  3616 | D:4      | HP: 2/42 [slave[Pikel] (4)]
  3617 | D:4      | Slain by a slave

Levels and vault maps discovered:
D:1:      tarquinn_simple_flora_water_c, layout_basic,
          chequers_serial_rivers_micro_b
D:2:      layout_basic, gammafunk_temple_overflow_arena
D:3:      layout_loops_ring, nicolae_overflow_hidden_temple,
          nemelex_xobeh_ov_fountains_minmay, gammafunk_temple_overflow_wave,
          uniq_jessica
D:4:      layout_rooms, kennysheep_mini_moat, kennysheep_okawaru_gauntlet,
          nicolae_overflow_crystal_walls, uniq_pikel

Skill      XL: |  1  2  3  4  5  6 |
---------------+-------------------+-----
Armour         | 1 2 |  2.8
Dodging        | 3 4 |  4.3
Maces & Flails | 4 5 |  5.2
Fighting       | 3 |  3.8
Throwing       | |  1.7

Action                   |  1- 3 |  4- 6 |  7- 9 || total
-------------------------+-------+-------+-------++-------
Melee: Flail             |   105 |    85 |       ||   190
       Mace              |       |    84 |    35 ||   119
Throw: Throwing net      |     2 |     2 |       ||     4
  Use: Scroll            |       |     6 |       ||     6
       Potion            |       |     1 |       ||     1
 Stab: Held in net/web   |     1 |       |       ||     1
  Eat: Chunk             |     1 |     7 |     1 ||     9
Armor: Scale mail        |    58 |   116 |    36 ||   210
Dodge: Dodged            |    91 |   122 |    39 ||   252

Table legend:
 A = Non-vault XP
 B = Vault XP
 C = Vault XP percentage of total XP
 D = Non-vault monster count
 E = Vault monster count
 F = Vault count percentage of total count
                 A         B        C        D         E       F
            +---------+---------+-------+---------+---------+-------
      Total |     583 |     151 |  20.6 |      63 |       5 |   7.4
            +---------+---------+-------+---------+---------+-------
        D:1 |      24 |       0 |   0.0 |      14 |       0 |   0.0
        D:2 |     147 |     114 |  43.7 |      23 |       4 |  14.8
        D:3 |      53 |      37 |  41.1 |      16 |       1 |   5.9
        D:4 |     359 |       0 |   0.0 |      10 |       0 |   0.0
            +---------+---------+-------+---------+---------+-------
